 Dungeon Crawl Stone Soup version 0.19.4-8-ga85b6b9 (webtiles) character file.

1600 Naow the Summoner (level 8, -1/41 HPs)
             Began as a Deep Elf Summoner on Feb 10, 2017.
             Was a Believer of Sif Muna.
             Slain by an orc warrior
             ... wielding a +0 halberd
              (17 damage)
             ... in a bailey.
             The game lasted 00:30:20 (11883 turns).

Naow the Summoner (Deep Elf Summoner)              Turns: 11883, Time: 00:30:20

Health: -1/41      AC:  6    Str:  5    XL:     8   Next: 62%
Magic:  7/22       EV: 13    Int: 23    God:    Sif Muna [**....]
Gold:   487        SH:  5    Dex: 15    Spells: 6 memorised, 6 levels left

rFire  . . .     SeeInvis .     w - +2 short sword (venom)
rCold  . . .     Gourm    +     G - +0 robe (curse)
rNeg   . . .     Faith    .     x - +0 buckler
rPois  +         Spirit   .     (no helmet)
rElec  .         Reflect  .     q - +1 cloak
rCorr  .         Harm     .     I - +1 pair of gloves
MR     .....                    (no boots)
Stlth  ++........               E - amulet of the gourmand
                                N - ring of poison resistance
                                y - ring of wizardry

@: divine energy
A: no striking features
a: Stop Divine Energy, Renounce Religion


You were in a bailey.
You worshipped Sif Muna.
Sif Muna was pleased with you.
You were not hungry.

You visited 2 branches of the dungeon, and saw 9 of its levels.
You also visited: Bailey.

You collected 487 gold pieces.

Inventory:

Hand Weapons
 t - a +2 flail of draining
 v - a +1 dagger of venom
 w - a +2 short sword of venom (weapon)
 B - a +0 whip of flaming
Armour
 a - a +0 robe
 q - a +1 cloak (worn)
 x - a +0 buckler (worn)
 G - a cursed +0 robe (worn)
 I - a +1 pair of gloves (worn)
Jewellery
 y - a ring of wizardry (left hand)
 E - an amulet of the gourmand (around neck)
 N - a ring of poison resistance (right hand)
Wands
 d - a wand of random effects (29/48)
 o - a wand of acid (10/15)
 p - a wand of flame (26/48)
Scrolls
 e - 6 scrolls of remove curse
 h - 4 scrolls of teleportation
 i - 8 scrolls of identify
 k - a scroll of blinking
 z - a scroll of enchant weapon
Potions
 f - a potion of lignification
 j - 4 potions of flight {unknown}
 m - 2 potions of degeneration {unknown}
 n - a potion of magic {unknown}
 s - 4 potions of agility {unknown}
 A - 4 potions of invisibility {unknown}
 C - a potion of might {unknown}
 F - 2 potions of heal wounds {unknown}
 K - 2 potions of beneficial mutation {unknown}
 L - a potion of curing {unknown}
Books
 b - a book of Callings

   Spells                             Type                      Level
   a - Summon Small Mammal            Summoning                    1
   b - Call Imp                       Summoning                    2
   c - Call Canine Familiar           Summoning                    3
   d - Summon Guardian Golem          Hexes/Summoning              3
   e - Summon Lightning Spire         Summoning/Air                4
   f - Summon Ice Beast               Ice/Summoning                4
Comestibles
 c - 8 bread rations
 g - a fruit
 l - 6 meat rations
 u - 3 royal jellies
 H - a slice of pizza


   Skills:
 - Level 2.4 Dodging
 - Level 2.4 Stealth
 + Level 3.2 Shields
 + Level 8.1 Spellcasting
 + Level 9.0 Summonings
 + Level 2.3 Ice Magic
 - Level 3.1 Air Magic


You had 6 spell levels left.
You knew the following spells:

 Your Spells              Type           Power        Failure   Level  Hunger
a - Summon Small Mammal   Summ           ####         1%          1    None
b - Call Imp              Summ           ######..     1%          2    None
c - Call Canine Familiar  Summ           ######..     1%          3    None
d - Summon Lightning Spi  Summ/Air       #####...     3%          4    ###....
e - Summon Guardian Gole  Hex/Summ       ####....     1%          3    None
f - Summon Ice Beast      Ice/Summ       #####...     4%          4    ###....


Dungeon Overview and Level Annotations

Branches:
Dungeon (8/15)             Temple (1/1) D:4
   Lair: D:8-11

Altars:
Cheibriados
Elyvilon
Fedhas
Nemelex Xobeh
Okawaru
Qazlal
Ru
Sif Muna
Trog
Vehumet
Yredelemnul
The Shining One


Message History

You block the orc warrior's attack.
Your crimson imp hits the orc warrior but does no damage.
Casting: Call Imp
Confirm with . or Enter, or press ? or * to list all spells.
A chill wind blows around you.
Your crimson imp hits the orc warrior.
The orc warrior hits you from afar with a halberd!
Casting: Summon Ice Beast
Confirm with . or Enter, or press ? or * to list all spells.
A chill wind blows around you.
Your crimson imp barely misses the orc warrior.
Casting: Summon Ice Beast
Confirm with . or Enter, or press ? or * to list all spells.
A chill wind blows around you. You block the orc warrior's attack.
Your ice beast hits the orc warrior but does no damage.
Your crimson imp misses the orc warrior.
Casting: Summon Ice Beast
Confirm with . or Enter, or press ? or * to list all spells.
A beastly little devil appears in a puff of flame.
The orc warrior hits you from afar with a halberd!
You die...

#########+###'#########.≈.#
........## $$ ##.≈.#
≈§≈≈§≈≈.§## $.##..≈.#
§.....≈≈.§##.##..≈≈.#
..⌠⌠⌠.o§≈§.#'#..≈≈.∩#
...⌠.oo≈§§.#'#..≈≈.##
≈...§o≈≈..'#o##..≈≈.#
≈≈≈≈≈§≈..##5YY##..≈.# $
........##@Y5..##.≈.# #
##+#############.≈.# ##
##.........)≈.# ≈#######
##..≈≈≈≈≈≈≈≈≈≈.# ..##...##
##..≈≈..........#
.##..≈..###..≈≈..##########
##...≈≈....)≈≈..##
####..≈≈≈≈≈≈≈..##
##.........##


You could see an orc warrior, 3 friendly ice beasts and 2 friendly crimson imps.

Vanquished Creatures
  A centaur (D:5)
  A howler monkey (D:4)
  A hound (D:7)
  An orc wizard (D:4)
  A worker ant (D:3)
  An orc (D:4)
  2 bats
  A giant cockroach (D:3)
  A goblin (D:8)
  A hobgoblin (D:3)
11 creatures vanquished.

Vanquished Creatures (collateral kills)
  Pikel (D:5)
  Grinder (D:4)
  Eustachio (D:4)
  A hungry ghost (D:7)
  Duvessa (D:4)
  A slave (D:5)
  An ice beast (D:7)
  2 orc warriors
  A black bear (D:2)
  An ogre (D:4)
  2 centaurs
  Blork the orc (D:4)
  A big kobold (D:8)
  2 bullfrogs
  Dowan (D:4)
  2 crimson imps (D:7)
  A centaur zombie (D:7)
  6 hounds
  2 orc priests
  3 bullfrog skeletons
  7 worker ants
  An orc wizard (D:4)
  A hound zombie (D:5)
  A howler monkey zombie (D:5)
  4 adders
  3 gnolls (D:2)
  2 shadow imps
  3 worms
  An adder skeleton (D:5)
  A dart slug (D:1)
  7 leopard geckos
  22 orcs
  2 ball pythons
  6 giant cockroaches
  12 goblins
  8 hobgoblins
  15 jackals
  11 kobolds
  3 quokkas
  9 bats
  5 frilled lizards
  A jackal zombie (D:5)
  2 quokka skeletons
  10 rats
169 creatures vanquished.

Vanquished Creatures (others)
  An ice beast (D:5)
  3 slaves (D:5)
  An adder skeleton (D:5)
  5 toadstools (D:1)
10 creatures vanquished.

Grand Total: 190 creatures vanquished

Notes
Turn   | Place    | Note
-------+----------+-------------------------------------------
     0 | D:1      | Naow the Deep Elf Summoner began the quest for the Orb.
     0 | D:1      | Reached XP level 1. HP: 10/10 MP: 6/6
   752 | D:1      | Reached XP level 2. HP: 14/15 MP: 5/8
   758 | D:1      | Learned a level 2 spell: Call Imp
  1188 | D:1      | Reached skill level 5 in Summonings
  1703 | D:2      | Found a faded altar of an unknown god.
  1938 | D:2      | Reached XP level 3. HP: 19/19 MP: 6/10
  1943 | D:2      | Learned a level 3 spell: Call Canine Familiar
  2340 | D:2      | Noticed a black bear
  2356 | D:2      | Killed a black bear
  2356 | D:2      | Reached XP level 4. HP: 24/24 MP: 0/12
  2514 | D:2      | Found a sacrificial altar of Ru.
  3373 | D:3      | Reached skill level 6 in Summonings
  4638 | D:3      | Learned a level 4 spell: Summon Lightning Spire
  4712 | D:4      | Noticed Eustachio
  4729 | D:4      | Killed Eustachio
  4729 | D:4      | Reached skill level 5 in Spellcasting
  4729 | D:4      | Reached skill level 1 in Air Magic
  4729 | D:4      | Reached XP level 5. HP: 21/28 MP: 1/14
  4918 | D:4      | Noticed Duvessa
  4922 | D:4      | Noticed Dowan
  4928 | D:4      | Killed Duvessa
  4928 | D:4      | Reached XP level 6. HP: 23/32 MP: 2/16
  4930 | D:4      | Killed Dowan
  5064 | D:4      | Noticed Grinder
  5076 | D:4      | Killed Grinder
  5103 | D:4      | Reached skill level 7 in Summonings
  5481 | D:4      | Reached skill level 1 in Shields
  5524 | D:4      | Noticed Blork the orc
  6180 | D:4      | Killed Blork the orc
  6180 | D:4      | Reached XP level 7. HP: 36/36 MP: 9/18
  6367 | D:4      | Found a staircase to the Ecumenical Temple.
  6373 | Temple   | Entered the Ecumenical Temple
  6398 | Temple   | Became a worshipper of Sif Muna the Loreminder
  6939 | D:5      | Entered Level 5 of the Dungeon
  7148 | D:5      | Noticed Pikel
  7625 | D:5      | Killed Pikel
  7673 | D:5      | Reached skill level 8 in Summonings
  7697 | D:5      | Killed a freed slave
  8036 | D:5      | Learned a level 3 spell: Summon Guardian Golem
  8547 | D:5      | Reached XP level 8. HP: 41/41 MP: 13/20
  8682 | D:6      | Found a stormy altar of Qazlal.
  9031 | D:6      | Found a bloodstained altar of Trog.
  9729 | D:7      | Found an iron altar of Okawaru.
  9774 | D:7      | Found a blossoming altar of Fedhas.
  9860 | D:7      | Reached * piety under Sif Muna
  9866 | D:7      | Learned a level 4 spell: Summon Ice Beast
  9950 | D:7      | Reached skill level 1 in Ice Magic
 10404 | D:7      | Found a stormy altar of Qazlal.
 10408 | D:7      | Found a sparkling altar of Nemelex Xobeh.
 11322 | D:8      | Found a flagged portal.
 11357 | Bailey   | Entered a bailey
 11454 | Bailey   | Reached skill level 9 in Summonings
 11720 | Bailey   | Reached ** piety under Sif Muna
 11883 | Bailey   | Slain by an orc warrior

Skill      XL: |  1  2  3  4  5  6  7  8 |
---------------+-------------------------+-----
Summonings     | 5 6 7 8 9 |  9.0
Spellcasting   | 4 5 6 7 8 |  8.1
Air Magic      | 1 2 3 |  3.1
Shields        | 1 2 3 |  3.2
Ice Magic      | 2 |  2.3
Dodging        | |  2.4
Stealth        | |  2.4

Action                   |  1- 3 |  4- 6 |  7- 9 || total
-------------------------+-------+-------+-------++-------
Melee: Unarmed           |    10 |    22 |       ||    32
       Flail             |       |    15 |     7 ||    22
       Whip              |       |       |     9 ||     9
       Short sword       |       |       |     4 ||     4
 Cast: Summon Small Mamm |    47 |    11 |    37 ||    95
       Call Imp          |    27 |    66 |   107 ||   200
       Call Canine Famil |     6 |    25 |    29 ||    60
       Summon Lightning  |       |       |     2 ||     2
       Summon Ice Beast  |       |       |    12 ||    12
       Summon Guardian G |       |       |     2 ||     2
Invok: Divine Energy     |       |       |     2 ||     2
       Stop Divine Energ |       |       |     1 ||     1
  Use: Scroll            |       |     4 |     6 ||    10
       Potion            |       |     2 |       ||     2
 Stab: Sleeping          |     1 |     1 |     1 ||     3
       Distracted        |       |     1 |     1 ||     2
  Eat: Chunk             |     5 |    12 |    19 ||    36
       Fruit             |       |       |     1 ||     1
Armor: Robe              |    14 |    24 |    25 ||    63
       Skin              |       |     6 |       ||     6
Dodge: Dodged            |    51 |    85 |    76 ||   212
Block: Buckler           |       |       |    13 ||    13
